 Dungeon Crawl Stone Soup version 0.20.1-1-g8b1a95d (webtiles) character file.

28 letownia2 the Grave Robber (level 3, 7/28 HPs)
             Began as a Deep Dwarf Necromancer on Dec 3, 2017.
             Quit the game on level 4 of the Dungeon.
             The game lasted 00:02:30 (638 turns).

letownia2 the Grave Robber (Deep Dwarf Necromancer)  Turns: 638, Time: 00:02:31

Health: 7/28       AC:  2    Str: 11    XL:     3   Next: 0%
Magic:  0/6        EV: 12    Int: 16    God:
Gold:   61         SH:  0    Dex: 13    Spells: 5/6 levels left

rFire    . . .     SeeInvis .   (no weapon)
rCold    . . .     Gourm    .   (no shield)
rNeg     . . .     Faith    .   a - +0 robe
rPois    .         Spirit   .   (no helmet)
rElec    .         Reflect  .   (no cloak)
rCorr    .         Harm     .   (no gloves)
MR       .....                  (no boots)
Stlth    ++........             (no amulet)
Regen    0.0/turn               (no ring)
MPRegen  0.1/turn               (no ring)

@: non-regenerating
A: damage resistance, heal wounds, sense surroundings 1, no regeneration
a: Heal Wounds


You were on level 4 of the Dungeon.
You were not hungry.

You visited 1 branch of the dungeon, and saw 4 of its levels.

You collected 61 gold pieces.

Inventory:

Armour
 a - a +0 robe (worn)
Scrolls
 d - a scroll of enchant weapon {unknown}
 e - a scroll of magic mapping {unknown}
 h - a scroll of fog {unknown}
Books
 b - a book of Necromancy

   Spells                             Type                      Level
   a - Pain                           Necromancy                   1
   b - Animate Skeleton               Necromancy                   1
   c - Vampiric Draining              Necromancy                   3
   d - Regeneration                   Charms/Necromancy            3
   e - Animate Dead                   Necromancy                   4
   f - Control Undead                 Necromancy                   4
Comestibles
 c - a bread ration
 f - 2 chunks of flesh
 g - 2 royal jellies


   Skills:
 - Level 2.1 Dodging
 - Level 2.4 Stealth
 - Level 2.2 Spellcasting
 + Level 5.1 Necromancy


You had 5 spell levels left.
You knew the following spells:

 Your Spells              Type           Power        Failure   Level  Hunger
a - Pain                  Necr           ###.         2%          1    #......


Dungeon Overview and Level Annotations

Branches:
Dungeon (4/15)
 Temple: D:4-7

Altars:

Annotations:
D:3 dxctxrx's ghost, amateur OpEE


Innate Abilities, Weirdness & Mutations

You are resistant to damage.
You can heal yourself by infusing magical energy.
You passively map a small area around you.
You do not regenerate.


Message History

Aiming: Pain
Press: ? - help, Shift-Dir - straight line, f/p - orc priest
Aim: an orc priest (chance to defeat MR: 78%)
The orc priest barely resists.
The orc hits you but does no damage.
The orc priest calls down the wrath of Beogh upon you.
Pain shoots through your body!
Unknown command.
Casting: Pain
Confirm with . or Enter, or press ? or * to list all spells.
Aiming: Pain
Press: ? - help, Shift-Dir - straight line, f/p - orc priest
Aim: an orc priest (chance to defeat MR: 78%)
The orc priest writhes in agony!
The orc hits you but does no damage.
The orc priest mumbles some strange prayers to Beogh against you.
Pain shoots through your body!
* * * LOW HITPOINT WARNING * * *
Unknown command.
Unknown command.
Unknown command.
Are you sure you want to abandon this character and quit the game? (Confirm with "yes".)

.# ####### ##.# .# #.....#
##o.# .# #..<..#####.#.## .#
#.....##..o###o## .#
#.....##.o## ##.## .#
#.....##.## ##.# .#
###.#####.## ##.## .#
#.######.###o## .#
#.........#@## ##
#########.o## ###
##......###### *##
##.####(...........# .. ,,
####.#..##..##.#......#.#####
<..o###........#.............
##.## ##....####......#.##...
##.#*#.###.####......# #
#o#.. #.........### ,,,


You could see an orc priest and an orc.

Vanquished Creatures
  An adder (D:3)
  2 oozes
  A dart slug (D:4)
  An orc (D:4)
  3 hobgoblins (D:1)
  A goblin (D:2)
  A rat (D:3)
10 creatures vanquished.

Notes
Turn   | Place    | Note
-------+----------+-------------------------------------------
     0 | D:1      | letownia2 the Deep Dwarf Necromancer began the quest for the Orb.
     0 | D:1      | Reached XP level 1. HP: 15/15 MP: 3/3
   148 | D:1      | Reached XP level 2. HP: 22/22 MP: 1/5
   365 | D:3      | Noticed dxctxrx's ghost (amateur OpEE)
   368 | D:3      | Found a faded altar of an unknown god.
   371 | D:3      | Reached skill level 5 in Necromancy
   634 | D:4      | Reached XP level 3. HP: 20/28 MP: 3/6
   638 | D:4      | Quit the game

Skill      XL: |  1  2 |
---------------+-------+-----
Spellcasting   | 2 |  2.2
Necromancy     | 5 |  5.1
Dodging        | |  2.1
Stealth        | |  2.4

Action                   || total
-------------------------++-------
Melee: Unarmed           ||    12
 Cast: Pain              ||    31
Armor: Robe              ||     9
Dodge: Dodged            ||    24
